 Dungeon Crawl Stone Soup version 0.31.0-32-g396128a36d (webtiles) character file.

Game seed: 1687273959259265136

373 spaghetti the Caller (level 6, -9/49 HPs)
             Began as a Naga Summoner on Mar 9, 2024.
             Mangled by a nameless horror (13 damage)
             ... created by miscasting Summon Cactus Giant
             ... on level 4 of the Dungeon.
             The game lasted 00:04:37 (3472 turns).

spaghetti the Caller (Naga Summoner)                Turns: 3472, Time: 00:04:37

Health: -9/49      AC:  3    Str: 10    XL:     6   Next: 72%
Magic:  0/13       EV: 10    Int: 23    God:
Gold:   98         SH:  0    Dex: 12    Spells: 2/14 levels left

rFire   . . .        g - +0 mace (distort)
rCold   + . .        (no shield)
rNeg    . . .        a - +0 robe
rPois   +            (no helmet)
rElec   .            (no cloak)
rCorr   .            (no gloves)
SInv    +            (no barding)
Will    .....        (no amulet)
Stlth   ++           d - +6 ring of intelligence
HPRegen 0.28/turn    k - ring of protection from cold
MPRegen 0.13/turn

%: no passive effects
@: very slightly contaminated, very slow
A: AC +2, large, see invisible, deformed body, poison resistance, slowness 2,
spit poison 1, naga tail 1
a: Spit Poison


You were on level 4 of the Dungeon.
You visited 1 branch of the dungeon, and saw 4 of its levels.

You collected 98 gold pieces.

Inventory:

Hand Weapons
 c - a +0 whip
 g - a +0 mace of distortion (weapon)
Armour
 a - a +0 robe (worn)
Jewellery
 d - a +6 ring of intelligence (left hand)
 k - a ring of protection from cold (right hand)
Scrolls
 e - a scroll of blinking {unknown}
 f - 5 scrolls of identify {unknown}
 l - a scroll of butterflies {unknown}
 o - a scroll of enchant armour {unknown}
 q - a scroll of amnesia {unknown}
Potions
 b - a potion of magic
 h - a potion of mutation {unknown}
 i - a potion of brilliance {unknown}
 m - a potion of curing {unknown}
 n - a potion of berserk rage {unknown}
 p - a potion of heal wounds {unknown}


   Skills:
 - Level 1.5 Dodging
 - Level 3.0 Stealth
 + Level 4.7 Spellcasting
 + Level 6.2 Summonings


You had 2 spell levels left.
You knew the following spells:

 Your Spells              Type           Power      Damage    Failure   Level
a - Summon Small Mammal   Summ           100%       N/A       1%          1
b - Call Imp              Summ           68%        N/A       1%          2
c - Call Canine Familiar  Summ           34%        N/A       2%          3
d - Summon Cactus Giant   Summ           17%        N/A       75%         6

Your spell library contained the following spells:

 Spells                   Type           Power      Damage    Failure   Level
 Scorch                   Fire           10%        2d5       14%         2
 Summon Blazeheart Golem  Fire/Summ      19%        N/A       26%         4
 Summon Lightning Spire   Summ/Air       19%        N/A       26%         4
 Frozen Ramparts          Ice            10%        1d2       28%         3
 Flame Wave               Conj/Fire      5%         2d5       67%         4
 Leda's Liquefaction      Alch/Erth      2%         N/A       67%         4
 Petrify                  Alch/Erth      5%         N/A       67%         4
 Metabolic Englaciation   Hex/Ice        2%         N/A       95%         5


Dungeon Overview and Level Annotations

Branches:
Dungeon (4/15)
 Temple: D:4-7

Altars:
Vehumet

Shops:
D:2 (*:

Annotations:
D:4 Eustachio, Natasha


Innate Abilities, Weirdness & Mutations

Your serpentine skin is tough. (AC +2)
You have supernaturally acute eyesight. (SInv)
Armour fits poorly on your strangely shaped body.
Your system is resistant to poisons. (rPois)
You cover ground very slowly.
You can spit poison.
You have a snake-like lower body.


Message History

There are monsters nearby!
Casting: Summon Small Mammal (safe; 1% risk of failure)
Confirm with . or Enter, or press ? or * to list all spells.
You miscast Summon Cactus Giant.
You are very lightly contaminated with residual magic.
Distant voices call out in your mind.
A nameless horror comes into view.
Eustachio mumbles some strange words.
Eustachio blinks!
Natasha barely misses you.
The cerulean imp hits you with a +2 spear.
The goblin unwields a +0 dagger of venom.
It stops dripping with poison.
The goblin wields a +0 sling.
The goblin shoots a sling bullet.
The sling bullet closely misses you.
The sling bullet hits the nameless horror.
Natasha attacks as she pursues you! Natasha closely misses you.
The nameless horror hits you but does no damage.
The cerulean imp hits you but does no damage.
A quokka comes into view.
The goblin shoots a sling bullet.
The sling bullet closely misses you. Natasha claws you.
The nameless horror barely misses you.
The goblin shoots a sling bullet.
The sling bullet closely misses you. Natasha claws you.
The cerulean imp hits you from afar with a +2 spear.
The nameless horror hits you!!
* * * LOW HITPOINT WARNING * * *
You feel your power leaking away.
The goblin shoots a sling bullet.
The sling bullet barely misses you. Natasha attacks as she pursues you!
Natasha barely misses you. The nameless horror hits you.
* * * LOW HITPOINT WARNING * * *
Okay, then.
Okay, then.
As you read the scroll labelled AZUICEO WIPE, it dissolves into smoke.
It was a scroll of fog.
Natasha mewls in sadness.
Natasha claws you but does no damage.
The cerulean imp hits you from afar with a +2 spear.
* * * LOW HITPOINT WARNING * * *
The nameless horror hits you!
You die...

...<..........##
...............#
...............###
......r>g......#..
...@.............
......5o.......#
........r......#
#......†.h§§..^###
##.....#5X@§....<.
#########§§§...##
#.##..... #.# ....
##.# #.. ##..# .
#..## #.## ###.
#.# #..


You could see a nameless horror, Eustachio, an iron imp (summoned), Natasha, a
cerulean imp (summoned), a river rat (summoned), an orc, a quokka and a goblin.

Vanquished Creatures
  A scorpion (D:3)
  A hound (D:3)
  An adder (D:3)
  A dart slug (D:1)
  4 endoplasms
  3 giant cockroaches
  A goblin (D:1)
  6 hobgoblins
  2 kobolds
  2 ball pythons (D:2)
  2 frilled lizards
  4 rats
28 creatures vanquished.

Vanquished Creatures (collateral kills)
  An ogre (D:3)
  A hound (D:4)
  Jessica (D:2)
  Terence (D:2)
  An adder (D:2)
  4 dart slugs
  6 endoplasms
  3 giant cockroaches
  A hobgoblin (D:1)
  5 kobolds
  A quokka (D:2)
  4 ball pythons
  5 bats
  4 frilled lizards
  A goblin (D:1)
  3 rats
42 creatures vanquished.

Grand Total: 70 creatures vanquished

Notes
Turn   | Place    | Note
-------+----------+-------------------------------------------
     0 | D:1      | spaghetti the Naga Summoner began the quest for the Orb.
     0 | D:1      | Reached XP level 1. HP: 15/15 MP: 3/3
   200 | D:1      | Reached XP level 2. HP: 19/22 MP: 1/5
   203 | D:1      | Learned a level 2 spell: Call Imp
   537 | D:1      | Reached XP level 3. HP: 26/28 MP: 6/6
   541 | D:1      | Learned a level 3 spell: Call Canine Familiar
  1126 | D:2      | Found Reollaps's Antique Weapon Boutique.
  1414 | D:2      | Noticed Terence
  1421 | D:2      | Found Faixt's Book Boutique.
  1426 | D:2      | Killed Terence
  1427 | D:2      | Reached XP level 4. HP: 22/36 MP: 1/8
  1509 | D:2      | Reached skill level 5 in Summonings
  1797 | D:2      | Noticed Jessica
  1812 | D:2      | Killed Jessica
  1823 | D:2      | Reached XP level 5. HP: 31/42 MP: 2/10
  2218 | D:2      | Found Teilakh's Assorted Antiques.
  2860 | D:3      | Noticed an ogre
  2929 | D:3      | Reached XP level 6. HP: 49/49 MP: 12/12
  2938 | D:3      | Learned a level 6 spell: Summon Cactus Giant
  2980 | D:3      | Found a radiant altar of Vehumet.
  3006 | D:3      | Reached skill level 6 in Summonings
  3118 | D:3      | Identified the +0 scale mail of the Shining Light {Fly
                  | Will+}
  3457 | D:4      | Noticed Natasha
  3464 | D:4      | Noticed Eustachio
  3468 | D:4      | Noticed a nameless horror
  3472 | D:4      | Mangled by a nameless horror

Illustrated notes

Levels and vault maps discovered:
D:1:      wander_arrival_desolate, layout_basic, kennysheep_pointless_box,
          minmay_misc_feat_doors, minivault_26
D:2:      layout_basic, serial_shops, nicolae_shop_crystal,
          nicolae_shop_just_a_little_nook, nicolae_square_shop, uniq_jessica,
          uniq_terence
D:3:      layout_loops_ring, mainiacjoe_overflow_brackets
D:4:      layout_rooms, grunt_dithmenos_smoke_and_mirrors, solitary_fountain,
          uniq_natasha, uniq_sigmund, uniq_duvessa, uniq_eustachio

Skill      XL: |  1  2  3  4  5  6 |
---------------+-------------------+-----
Spellcasting   | 3 4 |  4.7
Summonings     | 5 6 |  6.2
Dodging        | |  1.5
Stealth        | |  3.0

Action                     |  1- 3 |  4- 6 || total
---------------------------+-------+-------++-------
  Melee: Whip              |    46 |       ||    46
         Unarmed           |     5 |       ||     5
         Mace              |    24 |    42 ||    66
         Punch             |       |     1 ||     1
   Cast: Summon Small Mamm |    20 |    14 ||    34
         Call Imp          |    10 |    16 ||    26
         Call Canine Famil |     8 |    12 ||    20
Ability: Spit Poison       |     3 |       ||     3
    Use: Scroll            |       |     1 ||     1
   Stab: Sleeping          |     3 |     1 ||     4
         Distracted        |     1 |       ||     1
 Armour: Robe              |    67 |    39 ||   106
  Dodge: Dodged            |    62 |    37 ||    99
